 Dungeon Sprint DCSS version 0.20-a0-1124-g2e29d97 (webtiles) character file.

12421 potatolord6000 the Fighter (level 11, -1/101 HPs)
             Began as a Demonspawn Gladiator on May 16, 2017.
             Was an Initiate of Gozag.
             Slain by an orc knight
             ... wielding a +0 glaive
              (23 damage)
             ... in the Dungeon (Sprint IX: "|||||||||||||||||||||||||||||").
             The game lasted 00:07:49 (1819 turns).

potatolord6000 the Fighter (Demonspawn Gladiator)   Turns: 1819, Time: 00:07:52

Health: -1/101     AC: 28    Str: 22    XL:     11   Next: 62%
Magic:  20/20      EV: 23    Int: 12    God:    Gozag
Gold:   186        SH:  6    Dex: 19    Spells: 10/10 levels left

rFire    . . .     SeeInvis +   m - +8 quarterstaff (speed)
rCold    . . .     Gourm    .   (shield currently unavailable)
rNeg     . . .     Faith    .   q - +8 chain mail of Beauty {MR++ Str-4 SInv}
rPois    .         Spirit   .   (helmet restricted)
rElec    .         Reflect  .   a - +0 cloak
rCorr    .         Harm     .   d - +3 pair of gauntlets of War {Slay+5}
MR       ++++.     NoTele   +   c - +0 pair of boots {Stlth+}
Stlth    +.........             (no amulet)
Regen    0.3/turn               b - +3 ring of strength
MPRegen  0.2/turn               g - ring "Foido" {+Fly MR++ MP+9 Int-3 Slay+5}

@: mighty, brilliant, agile, gold aura
A: antennae 2, large bone plates 2, powered by pain 1
a: Potion Petition, Call Merchant, Bribe Branch, Renounce Religion, Evoke Flight


You were in the Dungeon.
You worshipped Gozag.
Gozag was aware of your devotion.
You were very full.

You visited 1 branch You collected 6499 gold pieces.
You spent 2226 gold pieces at shops.
You paid 4087 gold pieces to Gozag.

Inventory:

Hand Weapons
 m - a +8 quarterstaff of speed (weapon)
Armour
 a - a +0 cloak (worn)
 c - a +0 pair of boots of stealth (worn)
 d - the +3 pair of gauntlets of War (worn) {Slay+5}
   (You bought it in a shop in the Dungeon)

   It affects your accuracy and damage with ranged weapons and melee attacks
   (+5).
 q - the +8 chain mail of Beauty (worn) {MR++ Str-4 SInv}
   (You bought it in a shop in the Dungeon)

   It affects your strength (-4).
   It affects your resistance to hostile enchantments.
   It lets you see invisible.
Jewellery
 b - a +3 ring of strength (left hand)
 g - the ring "Foido" (right hand) {+Fly MR++ MP+9 Int-3 Slay+5}
   (You bought it in a shop in the Dungeon)

   [ring of magical power]

   It affects your intelligence (-3).
   It affects your accuracy and damage with ranged weapons and melee attacks
   (+5).
   It affects your resistance to hostile enchantments.
   It affects your magic capacity (+9).
   It lets you fly.
Scrolls
 h - 5 scrolls of remove curse
 k - 3 scrolls of blinking
 l - 2 scrolls of amnesia
 p - a scroll of identify
Potions
 e - 2 potions of curing
 f - a potion of cancellation
 i - 4 potions of magic
Comestibles
 j - a royal jelly
 n - 40 fruits
 r - 12 bread rations
 s - 11 meat rations


   Skills:
 + Level 14.5 Fighting
 + Level 13.5 Staves
 - Level 1.7 Throwing
 + Level 13.3 Armour
 + Level 13.5 Dodging


You had 10 spell levels left.
You didn't know any spells.

Dungeon Overview and Level Annotations

Branches:
Dungeon (1/1)

Altars:
Cheibriados
Dithmenos
Elyvilon
Fedhas
Gozag
Hepliaklqana
Kikubaaqudgha
Makhleb
Nemelex Xobeh
Okawaru
Qazlal
Ru
Sif Muna
Trog
Uskayaw
Vehumet
Wu Jian
Xom
Yredelemnul
Zin
The Shining One
Beogh
Jiyva
Lugonu

Shops:
D =[==[[((


Innate Abilities, Weirdness & Mutations

You have a pair of antennae on your head.
You are mostly covered in large bone plates. (SH +6)
You sometimes gain a little power by taking damage.


Message History

You feel clever all of a sudden.
You feel much better. Magic courses through your body.
The orc knight barely misses you.
You bludgeon the orc knight!!
The orc knight is almost dead.
The orc knight no longer looks unusually strong.
The orc knight barely misses you.
The orc knight hits you with a broad axe!!
You focus on the pain.
You feel mightier all of a sudden.
You sock the orc knight!
You kill the orc knight!
The orc high priest calls down the wrath of Beogh upon you.
Beogh smites you!
* * * LOW HITPOINT WARNING * * *
The orc knight roars a battlecry!
The orc knight goes into a battle-frenzy!
The orc knight hits you with a glaive!!
You die...
Your body crumbles into a pile of gold.

▓.▓.▓.▓.▓
▓o▓.▓.▓.▓'▓
▓o▓.▓[▓.▓.▓
▓4▓.▓.▓.▓.▓
▓o▓.▓.▓.▓[▓
{
▓o▓.▓.▓.▓.▓
{
▓o▓.▓.▓.▓[▓
{
▓o▓.▓.▓.▓)▓
{
▓@▓.▓.▓.▓/▓
{
▓$▓.▓.▓.▓.▓
▓$▓.▓.▓.▓.▓
▓$▓.▓'▓.▓'▓
▓'▓.▓.▓.▓_▓
{▓.▓.▓.▓.▓_▓
▓.▓.▓.▓.▓_▓
▓.▓.▓.▓.▓_▓
▓.▓.▓.▓.▓_▓


You could see 5 orc knights, an orc high priest and a red devil.

Vanquished Creatures
  An ettin (D)
  2 hydras (D)
  3 orc high priests (D)
  An unseen horror (D)
  5 orc knights (D)
  3 lindwurms (D)
  An ugly thing (D)
  A komodo dragon (D)
  A rime drake (D)
  2 trolls (D)
  3 hippogriffs (D)
  A yak (D)
  2 water moccasins (D)
  2 porcupines (D)
  11 orc warriors (D)
  2 ogres (D)
  A wolf (D)
  4 crocodiles (D)
  2 bullfrogs (D)
  A crimson imp (D)
  A jelly (D)
  4 orc priests (D)
  An orc wizard (D)
  A worker ant (D)
  An adder (D)
  An ooze (D)
  An adder zombie (D)
  6 worms (D)
  4 orcs (D)
  A bat skeleton (D)
  A bat zombie (D)
  A goblin (D)
  A hobgoblin (D)
  A jackal (D)
  A bat (D)
  A quokka skeleton (D)
  A rat (D)
77 creatures vanquished.

Notes
Turn   | Place    | Note
-------+----------+-------------------------------------------
     0 | D        | potatolord6000 the Demonspawn Gladiator began the quest for the Orb.
     0 | D        | Reached XP level 1. HP: 16/16 MP: 1/1
    12 | D        | Reached skill level 1 in Armour
    25 | D        | Gained mutation: You sometimes gain a little power by taking damage. [demonic ancestry]
    25 | D        | Reached XP level 2. HP: 18/23 MP: 2/2
    96 | D        | Noticed a crimson imp
   105 | D        | Reached skill level 3 in Fighting
   108 | D        | Reached XP level 3. HP: 13/30 MP: 3/3
   113 | D        | Reached skill level 4 in Fighting
   113 | D        | Reached XP level 4. HP: 17/38 MP: 4/4
   125 | D        | Found a roughly hewn altar of Beogh.
   125 | D        | Found a snail-covered altar of Cheibriados.
   125 | D        | Found a shadowy altar of Dithmenos.
   125 | D        | Found a white marble altar of Elyvilon.
   125 | D        | Found a blossoming altar of Fedhas.
   125 | D        | Found an opulent altar of Gozag.
   126 | D        | Found a hazy altar of Hepliaklqana.
   127 | D        | Found a viscous altar of Jiyva.
   128 | D        | Found an ancient bone altar of Kikubaaqudgha.
   129 | D        | Found a corrupted altar of Lugonu.
   130 | D        | Found a burning altar of Makhleb.
   131 | D        | Found a sparkling altar of Nemelex Xobeh.
   132 | D        | Found an iron altar of Okawaru.
   133 | D        | Became a worshipper of Gozag Ym Sagoz the Greedy
   134 | D        | Found a stormy altar of Qazlal.
   135 | D        | Found a sacrificial altar of Ru.
   136 | D        | Found a deep blue altar of Sif Muna.
   137 | D        | Found a bloodstained altar of Trog.
   138 | D        | Found a hide-covered altar of Uskayaw.
   139 | D        | Found a radiant altar of Vehumet.
   140 | D        | Found an ornate altar of the Wu Jian Council.
   141 | D        | Found a shimmering altar of Xom.
   142 | D        | Found a basalt altar of Yredelemnul.
   143 | D        | Found a glowing silver altar of Zin.
   144 | D        | Found a glowing golden altar of the Shining One.
   297 | D        | Noticed a troll
   297 | D        | Noticed a troll
   297 | D        | Noticed a bullfrog
   300 | D        | Killed a bullfrog
   300 | D        | Reached skill level 5 in Fighting
   300 | D        | Reached skill level 5 in Staves
   300 | D        | Reached skill level 5 in Dodging
   300 | D        | Reached XP level 5. HP: 46/46 MP: 5/5
   312 | D        | Killed a troll
   312 | D        | Reached skill level 7 in Fighting
   312 | D        | Gained mutation: You are partially covered in large bone plates. (SH +4) [demonic ancestry]
   312 | D        | Reached XP level 6. HP: 21/55 MP: 6/6
   327 | D        | Killed a troll
   327 | D        | Reached skill level 8 in Fighting
   327 | D        | Reached XP level 7. HP: 35/62 MP: 7/7
   465 | D        | Noticed a hippogriff
   465 | D        | Noticed a brown ugly thing
   476 | D        | Killed a brown ugly thing
   476 | D        | Reached skill level 9 in Fighting
   484 | D        | Gained mutation: You have a pair of small antennae on your head. [demonic ancestry]
   484 | D        | Reached XP level 8. HP: 26/71 MP: 8/8
   495 | D        | Killed an unseen horror
   495 | D        | Reached skill level 10 in Fighting
   503 | D        | Killed a hippogriff
   804 | D        | Noticed a hippogriff
   812 | D        | Killed a hippogriff
   812 | D        | Gained mutation: You are mostly covered in large bone plates. (SH +6) [demonic ancestry]
   812 | D        | Reached XP level 9. HP: 77/79 MP: 9/9
   814 | D        | Reached skill level 10 in Staves
   814 | D        | Reached skill level 10 in Dodging
   815 | D        | Noticed a rime drake
   824 | D        | Reached skill level 11 in Fighting
   828 | D        | Reached skill level 10 in Armour
   831 | D        | Killed a rime drake
   856 | D        | Noticed a komodo dragon
   856 | D        | Noticed a seven-headed hydra
   856 | D        | Noticed a lindwurm
   858 | D        | Noticed a four-headed hydra
   876 | D        | Killed a lindwurm
   884 | D        | Killed a seven-headed hydra
   884 | D        | Reached skill level 12 in Fighting
   884 | D        | Gained mutation: You have a pair of antennae on your head. [demonic ancestry]
   884 | D        | Reached XP level 10. HP: 56/89 MP: 10/10
   896 | D        | Killed a four-headed hydra
   934 | D        | Bought the +3 pair of gauntlets of War {Slay+5} for 1140 gold pieces
  1171 | D        | Noticed a lindwurm
  1171 | D        | Noticed a lindwurm
  1175 | D        | Killed a lindwurm
  1198 | D        | Killed a lindwurm
  1198 | D        | Reached skill level 13 in Fighting
  1241 | D        | Bought a pair of embroidered boots for 180 gold pieces
  1241 | D        | Bought a bloodstained chain mail for 228 gold pieces
  1251 | D        | Identified the +8 chain mail of Beauty {MR++ Str-4 SInv} (You bought it in a shop in the Dungeon)
  1376 | D        | Noticed an ettin
  1389 | D        | Noticed an orc knight
  1399 | D        | Killed an ettin
  1414 | D        | Killed an orc knight
  1414 | D        | Reached XP level 11. HP: 67/98 MP: 11/11
  1481 | D        | Noticed an orc high priest
  1481 | D        | Noticed an orc knight
  1496 | D        | Killed an orc knight
  1503 | D        | Noticed an orc knight
  1507 | D        | Killed an orc high priest
  1536 | D        | Killed an orc knight
  1536 | D        | Reached skill level 14 in Fighting
  1578 | D        | Bought the ring "Foido" {+Fly MR++ MP+9 Int-3 Slay+5} for 678 gold pieces
  1784 | D        | Found Bekhlemig's Jewellery Boutique.
  1784 | D        | Noticed an orc knight
  1784 | D        | Noticed an orc knight
  1784 | D        | Noticed an orc high priest
  1784 | D        | Noticed an orc high priest
  1784 | D        | Noticed an orc knight
  1786 | D        | Noticed an orc knight
  1790 | D        | Noticed an orc high priest
  1794 | D        | Killed an orc knight
  1795 | D        | Found Siaqeisch's Armour Shop.
  1795 | D        | Noticed an orc knight
  1800 | D        | Killed an orc high priest
  1807 | D        | Killed an orc high priest
  1808 | D        | Found Korr's Jewellery Boutique.
  1808 | D        | Noticed an orc knight
  1818 | D        | Killed an orc knight
  1819 | D        | Slain by an orc knight

Vault maps used:
D:        linesprint

Skill      XL: |  1  2  3  4  5  6  7  8  9 10 11 |
---------------+----------------------------------+-----
Staves         | 3 4 5 6 7 8 9 11 12 13 | 13.5
Armour         | 1 2 3 4 6 7 8 9 11 12 13 | 13.3
Dodging        | 3 4 5 6 7 8 9 11 12 13 | 13.5
Fighting       | 3 4 5 7 8 9 10 12 13 14 | 14.5
Throwing       | |  1.7

Action                   |  1- 3 |  4- 6 |  7- 9 | 10-12 || total
-------------------------+-------+-------+-------+-------++-------
Melee: Quarterstaff      |    36 |    32 |    79 |   167 ||   314
Invok: Call Merchant     |       |       |     1 |     4 ||     5
       Potion Petition   |       |       |       |     1 ||     1
  Use: Potion            |     1 |     3 |     7 |     5 ||    16
       Scroll            |       |       |     4 |       ||     4
 Stab: Sleeping          |     1 |       |       |       ||     1
       Distracted        |       |       |     2 |       ||     2
       Invisible         |       |       |       |     2 ||     2
  Eat: Bread ration      |       |       |     1 |       ||     1
       Meat ration       |       |       |       |     1 ||     1
Armor: Leather armour    |    10 |     6 |       |       ||    16
       Ring mail         |       |    10 |    14 |     9 ||    33
       Chain mail        |       |       |       |    13 ||    13
Dodge: Dodged            |    23 |    38 |    29 |    38 ||   128
Block: Other             |       |     2 |    11 |    16 ||    29
